Map: Ruins of Seras

Players

Sunshine

  • Race: Zerg Zerg
  • League: Platinum

MorN - Winner!

  • Race: Terran Terran
  • League: Platinum

VOD

Have the link to the VOD?

Description

Time

  • Played on: Nov. 17, 2015, 1:18 a.m.
  • Length: 9:34
Show
View Real Time Build Order
Export as new Build Order

Sunshine Zerg 

Build Orders: Hatch First 

Get SALT Encoding   

  12  0:00  Drone  
  13  0:08  Drone  
  14  0:17  Overlord  
  14  0:26  Extractor  
  14  0:27  Extractor  
  14  0:28  Drone  
  13  0:30  Drone  
  16  0:37  Drone  
  17  0:55  Hatchery  
  16  0:57  Drone  
  17  1:12  Spawning Pool  
  17  1:14  Drone  
  17  1:18  Drone  
  18  1:22  Drone  
  19  1:27  Drone, Extractor  
  19  1:42  Overlord  
  19  2:01  Queen, Zergling x4  
  21  2:07  Queen  
  25  2:09  Drone  
  26  2:16  Drone  
  27  2:28  Metabolic Boost  
  27  2:35  Drone x2  
  27  2:36  Drone x2  
  31  2:43  Queen  
  33  2:45  Queen  
  35  2:58  Overlord  
  35  2:59  Drone  
  36  3:12  Overlord  
  36  3:26  Drone x8  
  44  3:44  Extractor  
  44  3:46  Extractor  
  41  4:00  Zergling x6  
  41  4:01  Drone x3  
  41  4:02  Drone x3  
  49  4:03  Hatchery  
  49  4:05  Lair  
  48  4:14  Overlord  
  48  4:18  Roach Warren  
  46  4:32  Zergling x4  
  46  4:33  Zergling x4  
  46  4:35  Drone  
  46  4:36  Drone x5  
  54  5:04  Spire  
  53  5:08  Overlord x3, Spore Crawler  
  53  5:09  Overlord  
  52  5:16  Queen  
  49  5:43  Drone x4  
  49  5:46  Overlord x3, Extractor  
  50  6:11  Overlord  
  47  6:19  Mutalisk x4  
  47  6:20  Mutalisk x5  
  65  6:32  Glial Reconstitution  
  65  6:44  Drone x10  
  75  6:48  Zerg Flyer Weapons Level 1  
  75  6:52  Overseer  
  75  7:01  Drone x2  
  77  7:06  Evolution Chamber, Drone  
  77  7:07  Evolution Chamber, Drone x9  
  85  7:30  Mutalisk, Extractor  
  85  7:31  Mutalisk x3  
  85  7:33  Extractor  
  91  7:46  Baneling Nest  
  91  7:49  Zergling x2  
  91  7:50  Zergling x24  
  103  8:03  Hatchery  
  102  8:13  Drone x2, Corruptor  
  106  8:26  Drone x9  
  115  8:32  Baneling  
  115  8:33  Baneling x5  
  115  8:44  Overseer  
  115  8:46  Baneling  
  115  8:47  Baneling x6  
  116  8:48  Zergling x2  
  116  8:49  Zergling x12  
  116  8:50  Overlord  
  119  9:04  Zergling x2  
Show
View Real Time Build Order
Export as new Build Order

MorN Terran - Winner!

Build Orders: Liberator Opening, Reaper Expand, MMM Bio 

Get SALT Encoding   

  12  0:00  SCV  
  13  0:12  SCV  
  14  0:18  Supply Depot  
  14  0:25  SCV  
  15  0:39  SCV  
  15  0:42  Barracks  
  16  0:47  Refinery  
  16  0:52  SCV  
  17  1:04  SCV  
  18  1:16  SCV  
  19  1:30  Orbital Command  
  19  1:31  Reaper  
  20  1:42  Command Center  
  20  1:51  Supply Depot  
  20  1:56  SCV  
  21  2:03  Reaper  
  22  2:10  SCV  
  23  2:22  SCV  
  24  2:26  Factory  
  24  2:34  SCV  
  25  2:44  Barracks Reactor  
  25  2:45  Command Center  
  25  2:46  Refinery  
  25  2:49  SCV  
  26  2:57  Orbital Command  
  26  3:13  SCV  
  26  3:19  Starport  
  27  3:24  SCV  
  27  3:25  SCV  
  29  3:27  Hellion  
  31  3:36  SCV  
  31  3:39  SCV  
  31  3:40  Barracks Tech Lab  
  33  3:44  Hellion  
  35  3:48  SCV  
  35  3:49  Hellion  
  35  3:51  SCV  
  35  3:55  Liberator  
  38  4:01  Stimpack  
  38  4:03  Orbital Command  
  38  4:05  SCV, Marine  
  40  4:11  Hellion  
  40  4:12  SCV, Hellion  
  48  4:19  SCV  
  49  4:24  SCV  
  49  4:29  Supply Depot  
  48  4:34  Hellion  
  48  4:37  Liberator  
  50  4:40  Marine  
  50  4:41  SCV  
  50  4:43  Refinery  
  50  4:44  Refinery  
  50  4:45  Engineering Bay x2  
  52  4:49  SCV x2  
  57  5:01  Supply Depot  
  57  5:05  SCV x2  
  59  5:08  SCV  
  59  5:11  Marine  
  61  5:17  Terran Infantry Weapons Level 1, SCV  
  61  5:18  SCV, Terran Infantry Armor Level 1  
  61  5:19  Factory Reactor  
  61  5:22  Barracks  
  61  5:26  Barracks  
  61  5:29  SCV  
  61  5:33  SCV  
  63  5:37  Supply Depot  
  63  5:49  SCV  
  64  5:53  SCV  
  64  5:54  Barracks  
  64  5:55  Barracks  
  62  5:59  Supply Depot  
  60  6:08  Combat Shields, Starport Reactor  
  60  6:11  SCV x2  
  60  6:12  SCV  
  60  6:17  Factory Reactor  
  63  6:22  Supply Depot x2  
  63  6:23  SCV x2  
  63  6:24  Armory, SCV  
  63  6:25  Marine x3  
  69  6:35  SCV  
  69  6:36  Orbital Command  
  70  6:40  Marine x2  
  70  6:43  Barracks Reactor x2, Marine x3  
  75  6:58  Bunker  
  75  7:00  Marine x3  
  78  7:01  Medivac x2, Widow Mine x2  
  78  7:04  Supply Depot  
  86  7:08  Factory  
  86  7:10  Marine x2  
  86  7:12  Terran Infantry Weapons Level 2, Terran Infantry Armor Level 2  
  86  7:14  SCV x2  
  86  7:15  SCV  
  91  7:18  Missile Turret  
  80  7:39  Marine  
  80  7:40  Marine x7  
  80  7:41  Marine  
  80  7:43  Medivac  
  88  7:50  SCV x2  
  90  7:51  Missile Turret  
  90  7:52  Missile Turret  
  90  7:54  Factory Tech Lab, Missile Turret  
  90  7:57  SCV, Marine x2  
  90  7:58  Marine x7  
  96  8:02  SCV  
  101  8:06  SCV  
  101  8:09  SCV  
  103  8:14  SCV, Medivac x2  
  103  8:15  Marine x3  
  103  8:16  Marine  
  103  8:18  Supply Depot, SCV  
  113  8:21  Supply Depot, SCV  
  113  8:23  Marine  
  113  8:24  Marine x2  
  113  8:27  Liberator x2  
  117  8:32  Marine x2  
  117  8:34  Concussive Shells  
  119  8:41  Marine x2  
  119  8:43  Widow Mine x2  
  119  8:48  Marine x2  
  129  8:50  Marauder  
  129  8:54  Marine x4  
  129  8:55  Missile Turret  
  137  8:56  SCV x3  
  137  8:57  Missile Turret  
  130  9:15  Marine x4  
  130  9:16  Marine x5  
  116  9:33  Barracks  
  116  9:34  Barracks  
Tags
 
Add a new tag
Caveats
  • Supply blocks, unpowered buildings, or Contaminate may cause inaccurate times.
  • Supply counts are checked every 10 seconds.